 Dungeon Crawl Stone Soup version 0.27-a0-416-gca2cecf3c0 (webtiles) character file.

Game seed: 13954384148096981713

2758 dolemite99 the Cleaver (level 9, 0/70 HPs)
             Began as a Minotaur Fighter on Feb 25, 2021.
             Was a Follower of Makhleb.
             Slain by an orc warrior
             ... wielding a +0 short sword
              (11 damage)
             ... on level 7 of the Dungeon.
             The game lasted 00:06:19 (9304 turns).

dolemite99 the Cleaver (Minotaur Fighter)           Turns: 9304, Time: 00:06:19

Health: 0/70       AC: 11    Str: 22 (24) XL:     9   Next: 41%
Magic:  8/8        EV:  5    Int: 10 (11) God:    Makhleb [*.....]
Gold:   277        SH:  9    Dex: 10      Spells: 8/8 levels left

rFire    . . .     SeeInvis .   a - +0 war axe
rCold    . . .     Faith    .   c - +0 kite shield
rNeg     . . .     Spirit   .   C - +1 chain mail {Will+}
rPois    .         Reflect  .   (helmet restricted)
rElec    .         Harm     .   (no cloak)
rCorr    .         Rampage  .   (no gloves)
Will     +....                  (no boots)
Stlth    ..........             (no amulet)
HPRegen  0.21/turn              t - +6 ring of intelligence
MPRegen  0.11/turn              (no ring)

@: mighty
A: retaliatory headbutt, horns 2
a: Renounce Religion


You were on level 7 of the Dungeon.
You worshipped Makhleb.
Makhleb was aware of your devotion.
You visited 1 branch of the dungeon, and saw 7 of its levels.

You collected 277 gold pieces.

Inventory:

Hand Weapons
 a - a +0 war axe (weapon)
 z - a +1 whip of freezing
 B - a +0 flail of holy wrath
Missiles
 l - 163 stones (quivered)
 m - 16 bolts
 v - 7 atropa-tipped darts
 w - 45 sling bullets
 y - 8 arrows
 D - 5 boomerangs
Armour
 b - a +0 scale mail
 c - a +0 kite shield (worn)
 A - a +0 plate armour
 C - a +1 chain mail of willpower (worn)
Jewellery
 g - a ring of ice
 t - a +6 ring of intelligence (left hand)
 x - a +6 ring of intelligence
Scrolls
 j - 2 scrolls of enchant weapon {unknown}
 n - 7 scrolls of identify {unknown}
 q - 2 scrolls of blinking {unknown}
 s - 2 scrolls of enchant armour {unknown}
Potions
 d - a potion of might
 e - a potion of heal wounds
 f - a potion of berserk rage {unknown}
 h - a potion of attraction {unknown}
 i - a potion of mutation {unknown}
 k - a potion of degeneration
 o - 2 potions of haste {unknown}
 p - 2 potions of resistance {unknown}
 r - 2 potions of curing
 u - a potion of flight {unknown}


   Skills:
 - Level 3.6 Fighting
 - Level 14.2 Axes
 + Level 6.0 Armour
 - Level 3.6 Shields


You had 8 spell levels left.
You didn't know any spells.
Your spell library was empty.

Dungeon Overview and Level Annotations

Branches:
Dungeon (7/15)             Temple (0/1) D:4

Altars:
Elyvilon
Gozag
Kikubaaqudgha
Makhleb
Qazlal
Trog
Uskayaw
Vehumet
Xom
Zin

Annotations:
D:4 2 transporters, Xavori's ghost, amateur OpCK


Innate Abilities, Weirdness & Mutations

You reflexively headbutt those who attack you in melee.
You have a pair of horns on your head.


Message History

Makhleb accepts your kill.
You barely miss the orc warrior. You barely miss the orc priest.
The orc priest hits you with a +0 flail.
You block the orc warrior's attack.
The orc priest calls down the wrath of Beogh upon you.
Beogh smites you!
You slash the orc!
You kill the orc!
Makhleb accepts your kill.
You slash the orc priest!
You kill the orc priest!
Makhleb accepts your kill.
You feel better.
You hit the orc warrior.
The orc warrior hits you but does no damage.
You feel your dexterity returning.
You hit the orc warrior.
You headbutt the orc warrior, but do no damage.
The orc warrior is moderately wounded.
You block the orc warrior's attack.
The orc priest hits you but does no damage.
The orc warrior hits you with a +0 short sword.
The orc priest hits you but does no damage.
Things that are here:
5 boomerangs; a +0 morningstar; a +0 leather armour You slash the orc priest!
You kill the orc priest!
Makhleb accepts your kill.
You closely miss the orc warrior. You block the orc warrior's attack.
Your Armour skill increases to level 6!
You slash the orc warrior!
The orc warrior is severely wounded.
The orc warrior hits you with a +0 short sword!
You barely miss the orc warrior. Your headbutt misses the orc warrior.
The orc warrior is severely wounded.
The orc warrior hits you with a +0 short sword!
* * * LOW HITPOINT WARNING * * *
You closely miss the orc warrior.
The orc warrior is severely wounded.
The orc warrior hits you with a +0 short sword!
You die...

##..................
..................#$
###.).........###
####..###......#
###....## ##.....#
#......# ##....#
####...### ##...##
##.)).### ##.).#
#......####o@.#
#.........##)..#
##).............#
#<.#.............#
#..##.............#
#.####<..######.....
#.# ##..# ##.... .##
...# .... #. ..#


You could see an orc warrior.

Vanquished Creatures
  Sigmund (D:5)
  5 yaks
  Edmund (D:6)
  An orc warrior (D:6)
  An ice beast (D:5)
  3 sky beasts
  2 black bears
  4 ogres
  A bullfrog (D:6)
  2 scorpions (D:5)
  A bullfrog zombie (D:5)
  A hound (D:7)
  3 orc priests
  An iguana (D:5)
  Jessica (D:2)
  4 orc wizards
  2 worker ants
  Robin (D:1)
  5 gnolls
  3 adders
  2 shadow imps (D:5)
  2 white imps (D:5)
  2 ufetubi
  3 worms
  2 dart slugs
  8 leopard geckos
  14 orcs
  A ball python (D:5)
  8 giant cockroaches
  15 goblins
  10 hobgoblins
  8 jackals
  6 quokkas
  11 bats
  7 frilled lizards
  A giant cockroach zombie (D:5)
  7 kobolds
  A quokka skeleton (D:4)
  A quokka zombie (D:6)
  12 rats
164 creatures vanquished.

Notes
Turn   | Place    | Note
-------+----------+-------------------------------------------
     0 | D:1      | dolemite99 the Minotaur Fighter began the quest for the
                  | Orb.
     0 | D:1      | Reached XP level 1. HP: 19/19 MP: 0/0
   144 | D:1      | Reached skill level 3 in Axes
   200 | D:1      | Reached XP level 2. HP: 26/26 MP: 1/1
   501 | D:1      | Reached skill level 4 in Axes
   773 | D:1      | Reached XP level 3. HP: 31/31 MP: 2/2
  1226 | D:2      | Noticed Jessica
  1232 | D:2      | Killed Jessica
  1233 | D:2      | Reached skill level 5 in Axes
  1233 | D:2      | Reached XP level 4. HP: 33/39 MP: 3/3
  1341 | D:2      | Noticed Robin
  1550 | D:1      | Killed Robin
  2121 | D:2      | Reached skill level 6 in Axes
  2877 | D:3      | Reached XP level 5. HP: 45/45 MP: 4/4
  3032 | D:3      | Noticed an ogre
  3045 | D:3      | Killed an ogre
  3046 | D:3      | Reached skill level 7 in Axes
  3383 | D:3      | Found a shimmering altar of Xom.
  3520 | D:3      | Found a burning altar of Makhleb.
  3522 | D:3      | Found a glowing silver altar of Zin.
  3522 | D:3      | Noticed an angel
  3523 | D:3      | Noticed a green death
  3525 | D:3      | Became a worshipper of Makhleb the Destroyer
  3696 | D:4      | Noticed an ogre
  3701 | D:4      | Killed an ogre
  3702 | D:4      | Reached skill level 8 in Axes
  3702 | D:4      | Reached XP level 6. HP: 11/51 MP: 5/5
  4081 | D:4      | Found a staircase to the Ecumenical Temple.
  4148 | D:4      | Reached skill level 9 in Axes
  4422 | D:4      | Noticed Xavori's ghost (amateur OpCK)
  4424 | D:4      | Found a transporter.
  4623 | D:4      | Found a transporter.
  4940 | D:5      | Entered Level 5 of the Dungeon
  4978 | D:5      | Reached XP level 7. HP: 42/57 MP: 6/6
  5207 | D:5      | Noticed Sigmund
  5213 | D:5      | Killed Sigmund
  5214 | D:5      | Reached skill level 10 in Axes
  5730 | D:5      | Reached skill level 11 in Axes
  5796 | D:5      | Reached XP level 8. HP: 64/64 MP: 7/7
  6742 | D:5      | Reached skill level 12 in Axes
  7181 | D:5      | Reached * piety under Makhleb
  7182 | D:5      | Reached skill level 13 in Axes
  7581 | D:6      | Reached XP level 9. HP: 32/70 MP: 8/8
  7587 | D:6      | HP: 3/70 [yak (7)]
  7613 | D:6      | Found a bloodstained altar of Trog.
  8264 | D:6      | Reached skill level 14 in Axes
  8551 | D:6      | Found an opulent altar of Gozag.
  8606 | D:6      | Noticed Edmund
  8620 | D:6      | Killed Edmund
  8621 | D:6      | Reached skill level 5 in Armour
  8769 | D:6      | Found a radiant altar of Vehumet.
  8880 | D:6      | Found a white marble altar of Elyvilon.
  8880 | D:6      | Found a stormy altar of Qazlal.
  8887 | D:6      | Found a hide-covered altar of Uskayaw.
  8889 | D:6      | Found a faded altar of an unknown god.
  8891 | D:6      | Found an ancient bone altar of Kikubaaqudgha.
  9304 | D:7      | Slain by an orc warrior

Illustrated notes

Levels and vault maps discovered:
D:1:      scummos_arrival_simple_fountains, layout_loops_corners
D:2:      layout_rooms, nicolae_overflow_hidden_temple, serial_rivers,
          chequers_serial_rivers_large_a, chequers_serial_rivers_small_b,
          chequers_serial_rivers_micro_b, chequers_serial_rivers_micro_a,
          chequers_serial_rivers_micro_d, chequers_serial_rivers_small_3,
          dk_vineyard_3, uniq_robin, uniq_jessica
D:3:      layout_loops_cross, grunt_temple_overflow_order_and_chaos_2, tgw_xom
D:4:      layout_loops_ring, minmay_temple_entry_arrows, gammafunk_ghost_arena,
          kennysheep_generic_room_13
D:5:      layout_rooms, uniq_sigmund
D:6:      layout_rooms, grunt_gozag_statues, trog_ov_bears_minmay,
          chequers_temple_overflow_minitemple, basic_altar, uniq_edmund
D:7:      layout_layer_cave

Skill      XL: |  1  2  3  4  5  6  7  8  9 |
---------------+----------------------------+-----
Axes           | 3 4 5 6 8 9 11 13 14 | 14.2
Armour         | 6 |  6.0
Fighting       | |  3.6
Shields        | |  3.6

Action                   |  1- 3 |  4- 6 |  7- 9 || total
-------------------------+-------+-------+-------++-------
Melee: War axe           |    82 |   113 |   199 ||   394
       Headbutt          |    12 |    19 |    38 ||    69
Throw: Stone             |    19 |    56 |    29 ||   104
  Use: Potion            |       |       |     7 ||     7
Armor: Scale mail        |    32 |    40 |    54 ||   126
       Plate armour      |       |       |    24 ||    24
       Chain mail        |       |       |    13 ||    13
Dodge: Dodged            |    33 |    37 |    60 ||   130
Block: Kite shield       |    45 |    63 |    96 ||   204

Table legend: (Time is in decaauts)
 A = Elapsed time spent in this place.
 B = Non-inter-level travel time spent in this place.
 C = Inter-level travel time spent in this place.
 D = Time resting spent in this place.
 E = Time spent auto-exploring this place.
 F = Levels seen in this place.
 G = Mean time per level.
                   A        B        C        D        E       F      G
               +--------+--------+--------+--------+--------+-----+--------+
         Total |   9473 |   9277 |    196 |   4430 |   3375 |   7 | 1353.3 |
       Dungeon |   9473 |   9277 |    196 |   4430 |   3375 |   7 | 1353.3 |
               +--------+--------+--------+--------+--------+-----+--------+

Top non-repeatable levels by time:
     D:5: 3203 daAuts
     D:1: 1759 daAuts
     D:4: 1360 daAuts
     D:3: 1050 daAuts
     D:2: 898 daAuts
     D:6: 834 daAuts
     D:7: 366 daAuts
